 Dungeon Crawl Stone Soup version 0.30-a0-965-g42e074c17a (webtiles) character file.

Game seed: 925182010125930813

77 gelatine the Trooper (level 4, 0/35 HPs)
             Began as a Demonspawn Fighter on Mar 30, 2023.
             Killed by nerve-wracking pain
             ... invoked by an orc priest
              (12 damage)
             ... on level 3 of the Dungeon.
             The game lasted 00:03:05 (1628 turns).

gelatine the Trooper (Demonspawn Fighter)           Turns: 1628, Time: 00:03:06

Health: 0/35       AC:  8    Str: 18    XL:     4   Next: 14%
Magic:  4/4        EV:  9    Int: 10    God:
Gold:   114        SH:  4    Dex: 12    Spells: 3/3 levels left

rFire   . . .      SeeInvis .    a - +0 war axe
rCold   . . .      Faith    .    c - +0 buckler
rNeg    . . .      Spirit   .    b - +0 scale mail
rPois   .          Reflect  .    (helmet restricted)
rElec   .          Rampage  .    (no cloak)
rCorr   .                        r - +0 pair of gloves
Will    .....                    (no boots) Stlth
                                 i - amulet of regeneration
HPRegen 1.05/turn                (no ring)
MPRegen 0.09/turn                (no ring)

@: no status effects
A: antennae 2
a: no special abilities


You were on level 3 of the Dungeon.
You visited 1 branch of the dungeon, and saw 3 of its levels.

You collected 114 gold pieces.

Inventory:

Hand Weapons
 a - a +0 war axe (weapon)
Missiles
 j - 6 javelins (quivered)
Armour
 b - a +0 scale mail (worn)
 c - a +0 buckler (worn)
 r - a +0 pair of gloves (worn)
Jewellery
 i - an amulet of regeneration (around neck)
 o - an amulet of the acrobat
Scrolls
 f - 2 scrolls of teleportation {unknown}
 n - 2 scrolls of enchant armour {unknown}
 q - 2 scrolls of identify {unknown}
Potions
 d - a potion of might
 e - a potion of haste {unknown}
 g - 2 potions of curing {unknown}
 h - a potion of heal wounds {unknown}
 k - 2 potions of lignification {unknown}
 l - 2 potions of degeneration {unknown}
 m - a potion of attraction {unknown}
 p - a potion of mutation {unknown}


   Skills:
 * Level 3.3 Fighting
 * Level 2.8 Axes
 * Level 3.3 Armour
 * Level 0.3 Dodging
 * Level 3.0 Shields


You had 3 spell levels left.
You didn't know any spells.
Your spell library was empty.

Dungeon Overview and Level Annotations

Branches:
Dungeon (3/15)

Altars:


Innate Abilities, Weirdness & Mutations

You have a pair of antennae on your head.


Message History

You barely miss the orc. The orc hits you but does no damage.
The orc priest hits you with a +0 trident!
The orc priest closely misses you. The orc hits you but does no damage.
You closely miss the orc priest.
The orc priest is moderately wounded.
You miss the frilled lizard. You hit the orc.
You kill the orc!
The frilled lizard bites you but does no damage.
The orc priest barely misses you.
You hit the orc priest.
The orc priest is heavily wounded.
You closely miss the frilled lizard. The frilled lizard closely misses you.
The orc priest closely misses you.
You barely miss the orc priest.
The orc priest is heavily wounded.
You closely miss the frilled lizard.
The frilled lizard bites you but does no damage.
The orc priest hits you with a +0 trident.
The frilled lizard barely misses you.
The orc priest begins to cast a cantrip, but forgets the words!
You closely miss the orc priest.
The orc priest is heavily wounded.
You hit the frilled lizard.
You kill the frilled lizard!
The orc priest hits you with a +0 trident.
You closely miss the orc priest.
The orc priest is heavily wounded.
The orc priest hits you with a +0 trident!
* * * LOW HITPOINT WARNING * * *
The orc priest calls down the wrath of Beogh upon you.
Pain shoots through your body!
* * * LOW HITPOINT WARNING * * *
You hit the orc priest.
The orc priest is heavily wounded.
The orc priest hits you but does no damage.
You closely miss the orc priest.
The orc priest is heavily wounded.
The orc priest invokes the aid of Beogh against you.
Pain shoots through your body!
You die...

#.#.#.##.##.#
#.##.##.# ####
#.##.##.###....
#.##.##........
#.##.##........
##.##....####
#...)[).....<
#...)#######.
#...@#
#..o)'......
#....#######
#.##.. #. #.. #
.... ##.. ...


You could see an orc priest.

Vanquished Creatures
  Robin (D:2)
  An adder (D:2)
  A dart slug (D:3)
  4 orcs (D:3)
  A ball python (D:2)
  A bat (D:1)
  3 endoplasms
  A giant cockroach (D:1)
  7 goblins
  2 hobgoblins (D:2)
  6 jackals
  3 quokkas
  2 frilled lizards
  9 kobolds
  4 rats
46 creatures vanquished.

Vanquished Creatures (others)
  An orc wizard (D:3)
1 creature vanquished.

Grand Total: 47 creatures vanquished

Notes
Turn   | Place    | Note
-------+----------+-------------------------------------------
     0 | D:1      | gelatine the Demonspawn Fighter began the quest for the
                  | Orb.
     0 | D:1      | Reached XP level 1. HP: 18/18 MP: 1/1
   248 | D:1      | Gained mutation: You have a pair of small antennae on your
                  | head. [demonic ancestry]
   248 | D:1      | Reached XP level 2. HP: 18/24 MP: 2/2
   680 | D:2      | Noticed Robin
   698 | D:2      | Killed Robin
   699 | D:2      | Gained mutation: You have a pair of antennae on your head.
                  | [demonic ancestry]
   699 | D:2      | Reached XP level 3. HP: 7/29 MP: 3/3
  1004 | D:2      | Found a faded altar of an unknown god.
  1613 | D:3      | Reached XP level 4. HP: 35/35 MP: 4/4
  1628 | D:3      | Killed from afar by an orc priest

Illustrated notes

Levels and vault maps discovered:
D:1:      dpeg_arrival_arbitrary_a, layout_rooms, corexii_leaking_fountain
D:2:      layout_basic, hellmonk_ecumenical_altar_prayer_group,
          minmay_stone_trees_medium, minmay_pentomino_o2, uniq_robin
D:3:      layout_basic, serial_shops, shop, shop,
          nicolae_shop_overgrown_old_shop, minmay_misc_feat_room, uniq_natasha,
          uniq_terence, uniq_sigmund

Skill      XL: |  1  2 |
---------------+-------+-----
Armour         | 3 |  3.3
Shields        | 3 |  3.0
Axes           | 2 |  2.8
Fighting       | |  3.3
Dodging        | |  0.3

Action                     |  1- 3 |  4- 6 || total
---------------------------+-------+-------++-------
  Melee: War axe           |   118 |    14 ||   132
  Throw: Javelin           |     4 |       ||     4
 Armour: Scale mail        |    59 |     9 ||    68
  Dodge: Dodged            |    48 |     9 ||    57
  Block: Buckler           |    26 |       ||    26

Table legend: (Time is in decaauts)
 A = Elapsed time spent in this place.
 B = Non-inter-level travel time spent in this place.
 C = Inter-level travel time spent in this place.
 D = Time resting spent in this place.
 E = Time spent auto-exploring this place.
 F = Levels seen in this place.
 G = Mean time per level.
                   A        B        C        D        E       F      G
               +--------+--------+--------+--------+--------+-----+--------+
         Total |   1687 |   1645 |     42 |      0 |   1185 |   3 |  562.3 |
       Dungeon |   1687 |   1645 |     42 |      0 |   1185 |   3 |  562.3 |
               +--------+--------+--------+--------+--------+-----+--------+

Top non-repeatable levels by time:
     D:2: 928 daAuts
     D:1: 658 daAuts
     D:3: 100 daAuts
